[Event "Titled Tuesday Blitz August 31 2021"]
[White "Wong, Yinn Long"]
[Black "Timofeev, Artyom"]
[WhiteFideId "5707684"]
[BlackFideId "4140419"]
[WhiteElo "2016"]
[BlackElo "2582"]
[Result "1/2-1/2"]
[Round "11"]
[TimeControl "180+1"]
[Date "2021.08.31"]
[WhiteClock "0:00:09"]
[BlackClock "0:00:17"]

1. e4 e6 2. d3 c5 3. Nd2 Nc6 4. g3 g6 5. Bg2 Bg7 6. Ngf3 Nge7 7. O-O O-O 8. Re1 d5 9. c3 b6 10. e5 h6 11. Nf1 Ba6 12. h4 f6 13. exf6 Rxf6 14. N1h2 Kh7 15. Bf4 Rxf4 16. gxf4 Qd6 17. Ne5 Nxe5 18. fxe5 Bxe5 19. Nf3 Bg7 20. Qe2 Bc8 21. Ne5 Nf5 22. h5 gxh5 23. Nf7 Qf8 24. Qxh5 Kg8 25. Ne5 Qf6 26. Ng4 Qf7 27. Qxf7+ Kxf7 28. Ne3 Ne7 29. Rad1 Bb7 30. f4 Rg8 31. Ng4 Nf5 32. Kf2 a5 33. Ne5+ Bxe5 34. Rxe5 Kf6 35. Rde1 Bc8 36. Bh3 Ng7 37. f5 exf5 38. Rxd5 Be6 39. Rd6 Rb8 40. d4 cxd4 41. cxd4 Kf7 42. d5 Bc8 43. Rxh6 Ba6 44. Re5 Bc4 45. Bxf5 Bxa2 46. Bd3 Rf8 47. Ke3 Rd8 48. Rxb6 Rxd5 49. Rxd5 Bxd5 50. Rb5 Ke6 51. Rxa5 Kd6 52. b4 Ne6 53. Ra6+ Ke5 54. Ra5 Kd6 55. Be4 Bc4 56. Bf5 Nc7 57. Kd4 Bf7 58. Bd3 Ne6+ 59. Kc3 Nc7 60. Bc4 Be8 61. Rg5 Bd7 62. Rg1 Bc6 63. Rd1+ Ke5 64. Re1+ Kd6 65. Kd4 Bd7 66. Rg1 Bf5 67. Rg5 Bc2 68. b5 Na8 69. Rh5 Nb6 70. Rh6+ Kc7 71. Rc6+ Kb7 72. Bd5 Ba4 73. Kc5 Nxd5 74. Rh6 Bxb5 75. Kxb5 Nc7+ 76. Kc5 Na6+ 77. Kd6 Kb6 78. Rh1 Kb5 79. Rb1+ Kc4 80. Kc6 Nb4+ 81. Kd6 Nd3 82. Rb8 Kd4 83. Ra8 Kc4 84. Rh8 Kd4 85. Rh4+ Ke3 86. Kd5 Nf4+ 87. Ke5 Nd3+ 88. Kf5 Kd2 89. Rh3 Ke2 90. Rh2+ Ke3 91. Rh1 Kd4 92. Rd1 Kc4 93. Ke6 Kd4 94. Kd6 Ke4 95. Rf1 Kd4 96. Rg1 Ke4 97. Rg4+ Nf4 98. Rh4 Kf5 99. Rh1 Ke4 100. Rf1 Nd3 101. Rf8 Kd4 102. Ke6 Ke4 103. Rh8 Nf4+ 104. Kd6 Kd4 105. Re8 Nd3 106. Re2 Nf4 107. Ra2 Ke4 108. Ra4+ Kf5 109. Ke7 Ke5 110. Ra5+ Nd5+ 111. Kd7 Kd4 112. Ra4+ Ke5 113. Rh4 Nf6+ 114. Ke7 Nd5+ 115. Kd7 1/2-1/2


[Site "https://www.chess.com"]

[Event "Titled Tuesday Blitz August 31 2021"]
[White "Yeletsky, Ivan"]
[Black "Khoroshev, Nikita"]
[WhiteFideId "24180327"]
[BlackFideId "14200287"]
[WhiteElo "2344"]
[BlackElo "2328"]
[Result "1-0"]
[Round "11"]
[TimeControl "180+1"]
[Date "2021.08.31"]
[WhiteClock "0:00:06"]
[BlackClock "0:00:04"]

1. Nf3 Nf6 2. g3 g6 3. d3 Bg7 4. Bg2 O-O 5. O-O d5 6. Bf4 c5 7. c4 Nc6 8. Ne5 Nh5 9. Nxc6 bxc6 10. Bc1 Rb8 11. Qc2 dxc4 12. dxc4 Bf5 13. e4 Be6 14. Nd2 Qd4 15. Rb1 Rfd8 16. Bf3 f5 17. Rd1 fxe4 18. Nxe4 Qxc4 19. Qxc4 Bxc4 20. Bg5 Rxd1+ 21. Rxd1 Bd5 22. b3 Bd4 23. Nd2 e5 24. Be2 Rf8 25. Rf1 Ng7 26. Nc4 Nf5 27. Bd2 h5 28. Bg5 Ng7 29. Ne3 Ne6 30. Bh6 Rf7 31. h4 Kh7 32. Bg5 Nxg5 33. hxg5 Bf3 34. Bxf3 Rxf3 35. Kg2 e4 36. Nc4 Rf5 37. Nd6 Rxg5 38. Nxe4 Rf5 39. f3 Kg7 40. Rc1 Re5 41. a3 a5 42. Rc4 Be3 43. Ra4 Rd5 44. Rxa5 Rd3 45. Ra7+ Kf8 46. Rb7 Bd4 47. a4 Rd1 48. f4 Ra1 49. Kf3 Ra3 50. Ke2 c4 51. bxc4 Re3+ 52. Kd2 Rxe4 53. Kd3 Re3+ 54. Kxd4 Rxg3 55. Ke5 Ra3 56. Kf6 Ke8 57. Re7+ Kd8 58. Rg7 Rxa4 59. Rxg6 Rxc4 60. f5 h4 61. Rh6 Kc7 62. Ke7 Re4+ 63. Kf7 c5 64. f6 c4 65. Kg6 c3 66. f7 Rf4 67. Rxh4 Rxh4 68. f8=Q Kc6 69. Qc8+ Kb5 70. Qxc3 Rc4 71. Qd3 Kc5 72. Kf5 Rd4 73. Qe3 Kd5 74. Qe6+ Kc5 75. Ke5 Rd3 76. Qc8+ Kb4 77. Qc6 Rc3 78. Qb6+ Kc4 79. Ke4 Rb3 80. Qc6+ Kb4 81. Kd4 Ka3 82. Qa6+ Kb2 83. Qe2+ Ka3 84. Kc4 Rb4+ 85. Kc5 Rb3 86. Qd2 Rb2 87. Qc1 Ka2 88. Qc4+ Rb3 89. Qa4+ Ra3 90. Qc2+ Ka1 91. Kb4 Rb3+ 92. Kc4 Rb4+ 93. Kd5 Rb5+ 94. Ke4 Rb4+ 95. Kf3 Rf4+ 96. Ke3 Rf3+ 97. Kd4 Rf4+ 98. Ke5 Rb4 99. Qc3+ Rb2 100. Kd4 Ka2 101. Qa5+ Kb1 102. Kc3 Rc2+ 103. Kd3 Rb2 104. Qa4 Kc1 105. Qa1+ Rb1 106. Qc3+ Kd1 107. Qc2+ Ke1 108. Qe2# 1-0


[Site "https://www.chess.com"]

[Event "Titled Tuesday Blitz August 31 2021"]
[White "Zubov, Alexander"]
[Black "Arabidze, Meri"]
[WhiteFideId "14109409"]
[BlackFideId "13604040"]
[WhiteElo "2740"]
[BlackElo "2432"]
[Result "0-1"]
[Round "11"]
[TimeControl "180+1"]
[Date "2021.08.31"]
[WhiteClock "0:00:01"]
[BlackClock "0:00:03"]

1. e4 c5 2. Nf3 e6 3. d4 cxd4 4. Nxd4 Nc6 5. Nc3 a6 6. Be2 Nf6 7. O-O d6 8. a4 Be7 9. Be3 O-O 10. Nb3 Na5 11. Nxa5 Qxa5 12. Qd2 Qc7 13. a5 Bd7 14. f4 Bc6 15. Bf3 Rac8 16. Qf2 d5 17. e5 Ne4 18. Nxe4 dxe4 19. Be2 f6 20. Bb6 Qb8 21. exf6 Bxf6 22. c3 Bd5 23. Qe3 Bd8 24. Bc5 Rf7 25. c4 Bc6 26. b4 Bc7 27. g3 Bd6 28. Bxd6 Qxd6 29. b5 axb5 30. cxb5 Bd5 31. Rfc1 Ra8 32. a6 bxa6 33. bxa6 Rfa7 34. h4 h6 35. Kf2 Qb4 36. Rcb1 Qd6 37. Rb6 Qc7 38. Rc1 Qd7 39. Qd4 Qf7 40. Qe5 Kh7 41. h5 Qd7 42. g4 Qa4 43. g5 e3+ 44. Qxe3 hxg5 45. Bd3+ Kh8 46. h6 Qxf4+ 47. Qxf4 gxf4 48. h7 g5 49. Rg1 e5 50. Rxg5 e4 51. Bb5 e3+ 52. Ke2 Be4 53. Rg4 Bxh7 54. Rxf4 Re7 55. Bc6 Rd8 56. Rb3 Rd2+ 57. Ke1 Ra2 58. Bb5 e2 0-1


[Site "https://www.chess.com"]

[Event "Titled Tuesday Blitz August 31 2021"]
[White "davigator"]
[Black "Kavyev, Ruslan"]
[BlackFideId "34110981"]
[WhiteElo "2385"]
[BlackElo "2172"]
[Result "0-1"]
[Round "11"]
[TimeControl "180+1"]
[Date "2021.08.31"]
[WhiteClock "0:01:01"]
[BlackClock "0:01:23"]

1. e4 c5 2. Nf3 d6 3. d4 cxd4 4. Nxd4 Nf6 5. Nc3 a6 6. Bg5 Nbd7 7. f3 e6 8. Qd2 Be7 9. O-O-O O-O 10. h4 Qc7 11. h5 h6 12. Be3 b5 13. Bd3 b4 14. Nce2 Bb7 15. Kb1 a5 16. g4 Nh7 17. f4 Ndf6 18. Ng3 Nxg4 19. Rhg1 Nxe3 20. Qxe3 Kh8 21. Nf3 a4 22. e5 a3 23. exd6 Bxd6 24. Ne5 axb2 25. Ne4 Bd5 26. Kxb2 Rxa2+ 27. Kc1 Qc3 28. Nxc3 bxc3 29. Kb1 Rb8+ 30. Bb5 Rxb5+ 31. Kc1 Ra1# 0-1


[Site "https://www.chess.com"]

[Event "Titled Tuesday Blitz August 31 2021"]
[White "deribas12345"]
[Black "De Silva, L M S T"]
[BlackFideId "9953698"]
[WhiteElo "2586"]
[BlackElo "1621"]
[Result "0-1"]
[Round "11"]
[TimeControl "180+1"]
[Date "2021.08.31"]
[WhiteClock "0:01:23"]
[BlackClock "0:01:33"]

1. d4 Nf6 2. c4 e6 3. Nc3 Bb4 4. f3 O-O 5. a3 Bxc3+ 6. bxc3 c5 7. e4 d6 8. Bd3 Nc6 9. Ne2 b6 10. O-O Qc7 11. g4 Na5 12. d5 Ba6 13. Bg5 Nd7 14. Qa4 Ne5 15. Nf4 Nxd3 16. Nxd3 exd5 17. exd5 Bxc4 18. Rad1 Bb3 19. Qf4 Bxd1 20. Bf6 gxf6 21. Qxf6 Qd8 22. Qh6 Bc2 23. Nf4 Bg6 24. h4 Qf6 25. h5 Qg7 26. Qg5 Bd3 27. Qh4 Bxf1 28. h6 Qxc3 29. Nh5 Kh8 30. Qg5 Rg8 31. Qf4 Qd4+ 0-1


[Site "https://www.chess.com"]

[Event "Titled Tuesday Blitz August 31 2021"]
[White "ketster"]
[Black "Papasimakopoulos, Alexandros"]
[BlackFideId "4244125"]
[WhiteElo "2569"]
[BlackElo "2352"]
[Result "1-0"]
[Round "11"]
[TimeControl "180+1"]
[Date "2021.08.31"]
[WhiteClock "0:00:09"]
[BlackClock "0:00:14"]

1. d4 e6 2. c4 Nf6 3. g3 Bb4+ 4. Bd2 Be7 5. Bg2 d5 6. Nf3 O-O 7. O-O c6 8. Qc2 Ne4 9. Rd1 f5 10. Be1 Bd7 11. Ne5 Be8 12. f3 Nd6 13. c5 Nf7 14. Nxf7 Bxf7 15. Nc3 Nd7 16. f4 b5 17. e3 Bh5 18. Rdb1 a5 19. Qd3 Nf6 20. Qf1 Ne4 21. Nxe4 fxe4 22. Bh3 Qd7 23. g4 Bg6 24. Bg3 Bd8 25. Qe2 Bc7 26. Rf1 a4 27. Rf2 h6 28. Raf1 Bh7 29. Bg2 Rf7 30. h4 g6 31. Bh3 Raf8 32. Kg2 Kg7 33. Qe1 Qd8 34. Kh2 Ba5 35. Qe2 Bc7 36. Rg1 Qe7 37. Qf1 Qd8 38. f5 exf5 39. gxf5 Qxh4 40. Bxc7 Rxc7 41. Rf4 Qd8 42. fxg6 Bg8 43. Rg3 Ra7 44. Rgg4 Rxf4 45. Qxf4 Qf6 46. Qxf6+ Kxf6 47. Rg2 Rg7 48. Bg4 Rxg6 49. Bd7 Rxg2+ 50. Kxg2 b4 51. Bxc6 a3 52. bxa3 bxa3 53. Bd7 Ke7 54. Ba4 Be6 55. Bb3 Kd7 56. Kg3 Kc6 57. Kh4 Bf7 58. Ba4+ Kc7 59. Bb3 Kc6 60. Bd1 Kb5 61. Be2+ Kb4 62. Bh5 Be6 63. Bg4 Bf7 64. c6 Kc3 65. c7 Kb2 66. c8=Q Kxa2 67. Qb7 Ka1 68. Qxf7 a2 69. Qa7 Kb2 70. Be6 a1=Q 71. Qxa1+ Kxa1 72. Bxd5 Kb2 73. Bxe4 Kc3 74. d5 Kc4 75. d6 Kc3 76. d7 Kd2 77. d8=Q+ Ke2 78. Kh5 Kxe3 79. Kxh6 Kf4 80. Bc6 Ke5 81. Qd5+ Kf6 82. Qd6+ Kf5 83. Bd7+ Ke4 84. Kg5 Kf3 85. Qf4+ Kg2 86. Qe3 Kh1 87. Bc6+ Kh2 88. Qf2+ Kh3 89. Qg2# 1-0